 Dungeon Crawl Stone Soup version 0.28-a0-1235-g7c8fac35f0 (webtiles) character file.

Game seed: 17963573863491949212

32 Gargoyl the Skirmisher (level 3, -2/35 HPs)
             Began as a Gnoll Abyssal Knight on Dec 25, 2021.
             Was a Follower of Lugonu.
             Slain by an adder (3 damage)
             ... on level 2 of the Dungeon.
             The game lasted 00:01:09 (1348 turns).

Gargoyl the Skirmisher (Gnoll Abyssal Knight)       Turns: 1348, Time: 00:01:10

Health: -2/35      AC:  4    Str: 14    XL:     3   Next: 25%
Magic:  6/6        EV:  9    Int:  9    God:    Lugonu [*.....]
Gold:   45         SH:  7    Dex: 12    Spells: 3/3 levels left

rFire   . . .      SeeInvis .   a - +1 hand axe
rCold   . . .      Faith    .   e - +0 kite shield
rNeg    . . .      Spirit   .   b - +0 leather armour
rPois   .          Reflect  .   c - +0 helmet
rElec   .          Harm     .   (no cloak)
rCorr   .          Rampage  .   (no gloves)
Will    .....                   (no boots)
Stlth   +.........              (no amulet)
HPRegen 0.11/turn               (no ring)
MPRegen 0.10/turn               (no ring)

@: lethally poisoned (-2 -> -14), flying
A: fangs 1, strong nose, distributed training
a: Renounce Religion, Depart the Abyss


You were on level 2 of the Dungeon.
You worshipped Lugonu.
Lugonu was aware of your devotion.
You visited 1 branch of the dungeon, and saw 2 of its levels.
You visited the Abyss 1 time.

You collected 45 gold pieces.

Inventory:

Hand Weapons
 a - a +1 hand axe (weapon)
Armour
 b - a +0 leather armour (worn)
 c - a +0 helmet (worn)
 e - a +0 kite shield (worn)
Scrolls
 h - a scroll of teleportation {unknown}
Potions
 d - a potion of invisibility
 g - a potion of attraction {unknown}
 i - 2 potions of lignification {unknown}


   Skills:
 + Level 6.5 Fighting
 + Level 0.7 Short Blades
 + Level 0.7 Long Blades
 + Level 4.5 Axes
 + Level 0.7 Maces & Flails
 + Level 0.7 Polearms
 + Level 0.7 Staves
 + Level 0.7 Slings
 + Level 0.7 Bows
 + Level 0.7 Crossbows
 + Level 0.7 Throwing
 + Level 4.5 Armour
 + Level 2.6 Dodging
 + Level 0.7 Stealth
 + Level 0.7 Shields
 + Level 0.7 Unarmed Combat
 + Level 0.7 Spellcasting
 + Level 0.5 Conjurations
 + Level 0.5 Hexes
 + Level 0.5 Summonings
 + Level 0.5 Necromancy
 + Level 0.5 Translocations
 + Level 0.5 Transmutations
 + Level 0.5 Fire Magic
 + Level 0.5 Ice Magic
 + Level 0.5 Air Magic
 + Level 0.5 Earth Magic
 + Level 0.5 Poison Magic
 + Level 4.5 Invocations
 + Level 0.7 Evocations


You had 3 spell levels left.
You didn't know any spells.
Your spell library was empty.

Dungeon Overview and Level Annotations

Branches:
Dungeon (2/15)

Altars:


Innate Abilities, Weirdness & Mutations

You have very sharp teeth.
Your uncanny sense of smell can sniff out nearby items.
Your experience applies equally to all skills.


Message History

You miss the adder.
The adder is moderately wounded.
You hit the goblin.
You kill the goblin!
Lugonu accepts your kill. The adder bites you. x2
You are poisoned.
The adder poisons you!
You hit the adder.
The adder is almost dead.
You hit the adder.
You feel sick. The adder bites you.
You are more poisoned.
The adder poisons you! The adder barely misses you.
You block the adder's attack.
Unknown command.
You miss the adder.
The adder is almost dead.
You hit the adder.
You feel very sick. The adder barely misses you. x3
Unknown command.
You closely miss the adder.
The adder is almost dead.
You hit the adder but do no damage.
You feel sick. You block the adder's attack. The adder bites you.
* * * LOW HITPOINT WARNING * * *
You are lethally poisoned!
The adder poisons you! The adder bites you.
* * * LOW HITPOINT WARNING * * *
You block the adder's attack.
It was a potion of flight.
You feel very buoyant.
You fly up into the air.
* * * LOW HITPOINT WARNING * * *
You feel very sick. The adder bites you.
* * * LOW HITPOINT WARNING * * *
You are more poisoned.
The adder poisons you! The adder bites you.
You die...

... ..##..... ∆ #S.
.<....... #.#
#...#.###. #.#
##..#....... ∆
#.###...#.....#
#.....###..#..##
###..........#....
∆∆##.S......#.###..#.
#.@S......#......#.
#.......###..#.###.
#............#.....
..........#.###..#.#
###...>....#.. ...#..
.......###. #.###..
.######.. .. #......
..#.# #....#†
....##...


You could see 2 adders.

Vanquished Creatures
  An adder (D:2)
  2 ball pythons
  3 endoplasms
  A giant cockroach (D:1)
  3 goblins
  2 hobgoblins
  2 kobolds (D:1)
  A quokka (D:1)
  2 bats
  A frilled lizard (D:1)
  3 rats
21 creatures vanquished.

Notes
Turn   | Place    | Note
-------+----------+-------------------------------------------
     0 | Abyss:1  | Gargoyl the Gnoll Abyssal Knight began the quest for the
                  | Orb.
     0 | Abyss:1  | Reached XP level 1. HP: 23/23 MP: 3/3
   127 | Abyss:1  | Noticed a spatial vortex
   127 | Abyss:1  | Noticed a spatial maelstrom
   130 | Abyss:1  | Noticed a spatial vortex
   132 | D:1      | Escaped the Abyss
   455 | D:1      | Reached XP level 2. HP: 29/29 MP: 5/5
  1037 | D:2      | Found a faded altar of an unknown god.
  1047 | D:2      | Reached * piety under Lugonu
  1048 | D:2      | Reached XP level 3. HP: 23/35 MP: 6/6
  1348 | D:2      | HP: 1/35 [adder (3)]
  1348 | D:2      | Slain by an adder

Illustrated notes

Levels and vault maps discovered:
D:1:      eino_arrival_water_cross, layout_loops_ring, minmay_misc_feat_doors
D:2:      layout_basic, hellmonk_ecumenical_altar_blasted,
          minmay_misc_feat_rows, hangedman_decor_points,
          wander_ebering_terrifying_dragon_lair

Action                   || total
-------------------------++-------
Melee: Hand axe          ||    63
       Bite              ||     6
Invok: Depart the Abyss  ||     1
  Use: Scroll            ||     1
       Potion            ||     1
Armor: Leather armour    ||    23
Dodge: Dodged            ||    32
Block: Kite shield       ||    23

Table legend: (Time is in decaauts)
 A = Elapsed time spent in this place.
 B = Non-inter-level travel time spent in this place.
 C = Inter-level travel time spent in this place.
 D = Time resting spent in this place.
 E = Time spent auto-exploring this place.
 F = Levels seen in this place.
 G = Mean time per level.
                   A        B        C        D        E       F      G
               +--------+--------+--------+--------+--------+-----+--------+
         Total |   1371 |   1357 |     14 |      0 |   1119 |   3 |  457.0 |
       Dungeon |   1238 |   1224 |     14 |      0 |   1004 |   2 |  619.0 |
         Abyss |    132 |    132 |      0 |      0 |    115 |   1 |  132.0 |
               +--------+--------+--------+--------+--------+-----+--------+

Top non-repeatable levels by time:
     D:1: 781 daAuts
     D:2: 457 daAuts
 Abyss:1: 132 daAuts
